cohdb
Replays
Latest Replays
All Replays
Popular Replays
Top Player Replays
Match Explorer
How It Works
Community
CoH3 Stats
Reddit
Sign in to upload your games and track your stats! →
Sign in with Steam
Pinhead Larry & Dexn vs. HelpingHans & Lattouf
Match 38257378
Overview
Messages
Build Orders
End
Kettenkrad Recon Vehicle
Construct Infanterie Kompanie
MG 42 Machine Gun Team
MG 42 Machine Gun Team
Grenadier Squad
Construct Panzergrenadier Kompanie
Pak 40 Anti-tank Gun Team
251 Medium Carrier
Panzergrenadier Squad
Support Elements
MG 42 Machine Gun Team
Nebelwerfer 42 Rocket Launcher Team
Selects Mechanized Battlegroup
Selects Mechanized Battlegroup
Selects Raid Package
Selects StuG Assault Group
Pak 40 Anti-tank Gun Team
StuG Assault Group
Pak 40 Anti-tank Gun Team
Kettenkrad Recon Vehicle
Selects Panther Heavy Tank
lattouf
HelpingHans
DexN
Pinhead Larry
0
0
Comments
sign in to comment!
No comments posted yet!